 Dungeon Crawl Stone Soup version 0.27-a0-1193-g8631133539 (webtiles) character file.

Game seed: 612634617259546445

4 Mesmaeker13 the Caller (level 1, 0/14 HPs)
             Began as a Demigod Summoner on May 26, 2021.
             Slain by a quokka (3 damage)
             ... on level 1 of the Dungeon.
             The game lasted 00:00:22 (360 turns).

Mesmaeker13 the Caller (Demigod Summoner)            Turns: 360, Time: 00:00:23

Health: 0/14       AC:  2    Str:  9    XL:     1   Next: 40%
Magic:  3/5        EV: 12    Int: 17    God:
Gold:   18         SH:  0    Dex: 14    Spells: 2/3 levels left

rFire    . . .     SeeInvis .   d - +0 dagger
rCold    . . .     Faith    .   (no shield)
rNeg     . . .     Spirit   .   a - +0 robe
rPois    .         Reflect  .   (no helmet)
rElec    .         Harm     .   (no cloak)
rCorr    .         Rampage  .   (no gloves)
Will     .....                  (no boots)
Stlth    ++........             (no amulet)
HPRegen  0.04/turn              (no ring)
MPRegen  0.09/turn              (no ring)

@: very slightly contaminated
A: high mp 1, forlorn
a: no special abilities


You were on level 1 of the Dungeon.
You visited 1 branch of the dungeon, and saw 1 of its levels.

You collected 18 gold pieces.

Inventory:

Hand Weapons
 d - a +0 dagger (weapon)
Armour
 a - a +0 robe (worn)
Scrolls
 c - a scroll of enchant armour {unknown}
 e - a scroll of identify {unknown}
 f - a scroll of noise {unknown}
Potions
 b - a potion of curing {unknown}


   Skills:
 + Level 1.9 Dodging
 - Level 1.7 Stealth
 + Level 1.9 Spellcasting
 + Level 3.6 Summonings


You had 2 spell levels left.
You knew the following spells:

 Your Spells              Type           Power      Damage    Failure   Level
a - Summon Small Mammal   Summ           56%        N/A       4%          1

Your spell library contained the following spells:

 Spells                   Type           Power      Damage    Failure   Level
 Call Imp                 Summ           14%        N/A       7%          2
 Corona                   Hex            1%         N/A       21%         1
 Ensorcelled Hibernation  Hex/Ice        2%         N/A       30%         2
 Call Canine Familiar     Summ           14%        N/A       13%         3
 Summon Guardian Golem    Hex/Summ       7%         N/A       28%         3
 Confusing Touch          Hex            1%         N/A       52%         3
 Dazzling Flash           Conj/Hex       2%         N/A       52%         3
 Tukima's Dance           Hex            1%         N/A       52%         3
 Summon Ice Beast         Ice/Summ       7%         N/A       67%         4
 Summon Lightning Spire   Summ/Air       7%         N/A       67%         4


Dungeon Overview and Level Annotations

Branches:
Dungeon (1/15)


Innate Abilities, Weirdness & Mutations

Your attributes grow dramatically as you level up.
You have an increased reservoir of magic. (+10% MP)
You shall have no god before yourself.


Message History

You hit the bat but do no damage. The bat barely misses you.
The bat hits you but does no damage.
You hit the bat but do no damage. The bat closely misses you. x2
You hit the bat.
The bat is moderately wounded.
The bat barely misses you. The bat misses you.
You hit the bat but do no damage.
The bat is moderately wounded.
The bat barely misses you.
You closely miss the bat.
The bat is moderately wounded.
The bat closely misses you. The bat barely misses you.
The bat hits you but does no damage.
You barely miss the bat.
The bat is moderately wounded.
The bat barely misses you. x2
You hit the bat.
The bat is heavily wounded.
Your quokka disappears in a puff of smoke!
The bat hits you. The bat hits you but does no damage.
You hit the bat.
You kill the bat!
You hit the quokka.
The quokka is moderately wounded.
The quokka closely misses you. The quokka closely misses you.
Casting: Summon Small Mammal (safe; 4% risk of failure)
Confirm with . or Enter, or press ? or * to list all spells.
You miscast Summon Small Mammal.
You are very lightly contaminated with residual magic.
Nothing appears to happen.
The quokka bites you.
Casting: Summon Small Mammal (safe; 4% risk of failure)
Confirm with . or Enter, or press ? or * to list all spells.
The quokka bites you. The quokka bites you.
* * * LOW HITPOINT WARNING * * *
Unknown command.
Your bat barely misses the quokka.
Your bat completely misses the quokka.
The quokka bites you.
You die...

#.. #.# #.# #†#
# #.# # #####
#.####.####.#
....###
#..........#
#### ......##
#####.r.####
#..# .......##
#b@.# #..#
........## #...#
#..# ##.......#
#...########..#
###......##
#.>....†......#
.##.......#
###..#########.#
.###......##
#....# #)#
..##.......#
###### #.#
..###....(.#
#.#####
..###......##
#......


You could see a quokka (ally target) and a friendly bat (summoned).

Vanquished Creatures
  2 bats (D:1)
  A goblin (D:1)
3 creatures vanquished.

Vanquished Creatures (collateral kills)
  A ball python (D:1)
  A kobold (D:1)
2 creatures vanquished.

Grand Total: 5 creatures vanquished

Notes
Turn   | Place    | Note
-------+----------+-------------------------------------------
     0 | D:1      | Mesmaeker13 the Demigod Summoner began the quest for the
                  | Orb.
     0 | D:1      | Reached XP level 1. HP: 14/14 MP: 5/5
   360 | D:1      | Slain by a quokka

Illustrated notes

Levels and vault maps discovered:
D:1:      dpeg_arrival_snail, layout_loops_ring, minmay_misc_feat_ornament,
          minmay_misc_feat_cross, amethyst_killhole, minmay_pentomino_x4

Action                   || total
-------------------------++-------
Melee: Dagger            ||    13
 Cast: Summon Small Mamm ||     4
 Stab: Sleeping          ||     1
Armor: Robe              ||     6
Dodge: Dodged            ||    18

Table legend: (Time is in decaauts)
 A = Elapsed time spent in this place.
 B = Non-inter-level travel time spent in this place.
 C = Inter-level travel time spent in this place.
 D = Time resting spent in this place.
 E = Time spent auto-exploring this place.
 F = Levels seen in this place.
 G = Mean time per level.
                   A        B        C        D        E       F      G
               +--------+--------+--------+--------+--------+-----+--------+
         Total |    359 |    359 |      0 |    100 |    198 |   1 |  359.0 |
       Dungeon |    359 |    359 |      0 |    100 |    198 |   1 |  359.0 |
               +--------+--------+--------+--------+--------+-----+--------+

Top non-repeatable levels by time:
     D:1: 359 daAuts
